 Dungeon Crawl Stone Soup version 0.30-a0-49-g1cef19eb02 (webtiles) character file.

Game seed: 10651088552405010374

19 Newt the Shooter (level 2, 0/19 HPs)
             Began as a Kobold Hunter on Sept 2, 2022.
             Slain by a gnoll
             ... wielding a +0 club
             ... led by a gnoll bouda
              (4 damage)
             ... on level 2 of the Dungeon.
             The game lasted 00:01:25 (883 turns).

Newt the Shooter (Kobold Hunter)                     Turns: 883, Time: 00:01:25

Health: 0/19       AC:  3    Str:  8    XL:     2   Next: 95%
Magic:  2/2        EV: 14    Int: 10    God:
Gold:   60         SH:  0    Dex: 18    Spells: 1/1 levels left

rFire   . . .      SeeInvis .    d - +5 quick blade
rCold   . . .      Faith    .    (no shield)
rNeg    . . .      Spirit   .    c - +0 leather armour
rPois   .          Reflect  .    (no helmet)
rElec   .          Harm     .    (no cloak)
rCorr   .          Rampage  .    (no gloves)
Will    .....                    (no boots)
Stlth   +++.......               (no amulet)
HPRegen 0.06/turn                (no ring)
MPRegen 0.08/turn                (no ring)

@: studying Stealth
A: small, no large weapons, nightstalker 3
a: no special abilities


You were on level 2 of the Dungeon.
You visited 1 branch of the dungeon, and saw 2 of its levels.

You collected 60 gold pieces.

Inventory:

Hand Weapons
 a - a +0 shortbow
 d - a +5 quick blade (weapon)
Armour
 c - a +0 leather armour (worn)
Scrolls
 b - a scroll of immolation
 g - a scroll of fear {unknown}
Potions
 e - a potion of ambrosia {unknown}
 h - a potion of curing {unknown}


   Skills:
 - Level 3.4 Fighting
 - Level 5.3 Ranged Weapons
 - Level 2.4 Dodging
 + Level 1.9 Stealth


You had one spell level left.
You didn't know any spells.
Your spell library was empty.

Dungeon Overview and Level Annotations

Branches:
Dungeon (2/15)

Altars:


Innate Abilities, Weirdness & Mutations

You are small and have problems with some larger weapons.
You are completely attuned to the shadows.


Message History

A ball python is nearby!
The ball python hisses angrily.
You puncture the ball python!
You kill the ball python!
No target in view!
A gnoll comes into view. It is wielding a +0 club.
A gnoll is nearby!
A gnoll is nearby!
Found a faded altar of an unknown god. 2 gnolls come into view.
The gnoll moves out of view.
The helpless gnoll fails to defend itself.
You hit the gnoll.
The gnoll is lightly wounded.
The gnoll misses you.
The gnoll shouts!
You hit the gnoll.
The gnoll is moderately wounded.
You hear a shout! x2
You hit the gnoll but do no damage.
The gnoll is moderately wounded.
The gnoll hits you with a +0 club. The gnoll attacks as you move away!
The gnoll barely misses you.
You barely miss the gnoll.
The gnoll is moderately wounded.
The gnoll closely misses you.
You hit the gnoll.
The gnoll is heavily wounded.
You closely miss the gnoll. You punch the gnoll.
The gnoll is heavily wounded.
The gnoll hits you with a +0 club.
You hit the gnoll.
The gnoll is severely wounded.
The gnoll hits you with a +0 club.
* * * LOW HITPOINT WARNING * * *
As you read the scroll labelled ELYR ISMOOSOSCH, it crumbles to dust.
It is a scroll of enchant weapon.
Your +4 quick blade glows red for a moment.
The gnoll hits you with a +0 club.
You die...

############
###.......@gg#
#.......####.#
#.......#
#...♣
#.......#
#.....
#.......#
#..♣_.
#.......#
#....♣
#.......#
#.......#
#.......#


You could see 2 gnolls.

Vanquished Creatures
  A dart slug (D:1)
  9 bats
  An endoplasm (D:1)
  A giant cockroach (D:1)
  A ball python (D:2)
  4 frilled lizards (D:1)
  3 kobolds (D:1)
  A rat (D:1)
21 creatures vanquished.

Vanquished Creatures (others)
  5 withered plants (D:2)
5 creatures vanquished.

Grand Total: 26 creatures vanquished

Notes
Turn   | Place    | Note
-------+----------+-------------------------------------------
     0 | D:1      | Newt the Kobold Hunter began the quest for the Orb.
     0 | D:1      | Reached XP level 1. HP: 12/12 MP: 1/1
   154 | D:1      | Reached XP level 2. HP: 19/19 MP: 2/2
   781 | D:2      | Identified a scroll of acquirement
   781 | D:2      | Acquired a +4 quick blade
   833 | D:2      | Acquired a manual of Stealth
   872 | D:2      | Found a faded altar of an unknown god.
   883 | D:2      | Slain by a gnoll

Illustrated notes

Levels and vault maps discovered:
D:1:      shiori_shiawase, layout_loops_ring
D:2:      layout_basic, ebering_ecumenical_altar_petrified,
          corexii_item_surrounded_by_moat, uniq_jessica

Skill      XL: |  1 |
---------------+----+-----
Fighting       | 3 |  3.4
Ranged Weapons | |  5.3
Dodging        | |  2.4
Stealth        | |  1.9

Action                   || total
-------------------------++-------
Melee: Quick blade       ||    11
       Punch             ||     1
 Fire: Shortbow          ||    39
  Use: Scroll            ||     3
 Stab: Sleeping          ||     2
Armor: Leather armour    ||     9
Dodge: Dodged            ||    22

Table legend: (Time is in decaauts)
 A = Elapsed time spent in this place.
 B = Non-inter-level travel time spent in this place.
 C = Inter-level travel time spent in this place.
 D = Time resting spent in this place.
 E = Time spent auto-exploring this place.
 F = Levels seen in this place.
 G = Mean time per level.
                   A        B        C        D        E       F      G
               +--------+--------+--------+--------+--------+-----+--------+
         Total |    890 |    862 |     28 |      0 |    754 |   2 |  445.0 |
       Dungeon |    890 |    862 |     28 |      0 |    754 |   2 |  445.0 |
               +--------+--------+--------+--------+--------+-----+--------+

Top non-repeatable levels by time:
     D:1: 791 daAuts
     D:2: 99 daAuts
